 Dungeon Crawl Stone Soup version 0.30-a0-779-g7971cf19c3 (webtiles) character file.

Game seed: 2711399080332069581

7781 NinjaNoafa the Spear-Bearer (level 11, -3/83 HPs)
             Began as a Merfolk Monk on Feb 17, 2023.
             Was a Follower of Uskayaw.
             Slain by a two-headed ogre
             ... wielding a +0 giant club
              (37 damage)
             ... on level 9 of the Dungeon.
             The game lasted 00:37:09 (7839 turns).

NinjaNoafa the Spear-Bearer (Merfolk Monk)          Turns: 7839, Time: 00:37:10

Health: -3/83      AC: 12    Str: 14    XL:     11   Next: 20%
Magic:  15/15      EV: 14    Int: 11    God:    Uskayaw [*.....]
Gold:   267        SH:  5    Dex: 17    Spells: 12/12 levels left

rFire   . . .      SeeInvis +    b - +6 spear (chaos)
rCold   . . .      Faith    .    M - +0 buckler
rNeg    . . .      Spirit   .    F - +0 acid dragon scales
rPois   +          Reflect  .    i - +2 helmet
rElec   .          Harm     .    m - +0 cloak
rCorr   +          Rampage  .    s - +0 pair of gloves
Will    .....                    (no boots)
Stlth   ++                       d - amulet of regeneration
HPRegen 1.13/turn                c - ring of see invisible
MPRegen 0.14/turn                w - ring of poison resistance

@: studying Ranged Weapons
A: (nimble swimmer 2), mertail
a: Renounce Religion, Stomp


You were on level 9 of the Dungeon.
You worshipped Uskayaw.
Uskayaw was noncommittal.
You visited 2 branches of the dungeon, and saw 10 of its levels.

You collected 508 gold pieces.
You spent 241 gold pieces at shops.

Inventory:

Hand Weapons
 a - the +8 mithril axe "Arga" {speed, Will+}
   (You found it on level 6 of the Dungeon)

   Will:      It increases your willpower.
 b - a +6 spear of chaos (weapon)
 D - a +0 broad axe
Missiles
 e - 34 poisoned darts
 v - 4 boomerangs (quivered)
 N - 4 boomerangs of dispersal
Armour
 i - a +2 helmet (worn)
 m - a +0 cloak (worn)
 s - a +0 pair of gloves (worn)
 F - +0 acid dragon scales (worn)
 M - a +0 buckler (worn)
Jewellery
 c - a ring of see invisible (left hand)
 d - an amulet of regeneration (around neck)
 w - a ring of poison resistance (right hand)
Wands
 k - a wand of polymorph (18)
 B - a wand of charming (10)
 G - a wand of acid (9)
 K - a wand of mindburst (19)
Scrolls
 l - a scroll of fear
 n - 3 scrolls of poison
 o - 2 scrolls of butterflies {unknown}
 p - 2 scrolls of magic mapping
 q - a scroll of blinking
 r - a scroll of vulnerability {unknown}
 t - a scroll of immolation
 x - a scroll of amnesia {unknown}
 y - a scroll of teleportation {unknown}
 z - a scroll of enchant armour {unknown}
 H - a scroll of enchant weapon
 L - 3 scrolls of fog {unknown}
Potions
 f - 2 potions of haste
 g - 7 potions of curing
 h - a potion of resistance
 j - a potion of lignification
 u - a potion of magic
 A - a potion of attraction
 C - 4 potions of heal wounds
 E - 2 potions of might
 I - a potion of cancellation {unknown}
 J - a potion of ambrosia


   Skills:
 - Level 6.4 Fighting
 - Level 7.1(8.7) Axes
 - Level 12.0(13.7) Polearms
 - Level 4.0 Armour
 - Level 6.6 Dodging
 - Level 4.0 Stealth
 - Level 4.0 Shields
 + Level 1.3 Spellcasting
 + Level 1.4 Summonings
 - Level 6.4 Invocations


You had 12 spell levels left.
You didn't know any spells.
Your spell library contained the following spells:

 Spells                   Type           Power      Damage    Failure   Level
 Summon Small Mammal      Summ           16%        N/A       32%         1
 Ensorcelled Hibernation  Hex/Ice        0%         N/A       65%         2
 Static Discharge         Conj/Air       0%         2-2/arc   65%         2
 Call Canine Familiar     Summ           4%         N/A       67%         3
 Summon Guardian Golem    Hex/Summ       2%         N/A       78%         3
 Spider Form              Tmut/Pois      0%         N/A       87%         3
 Vhi's Electric Charge    Tloc/Air       0%         N/A       87%         3
 Anguish                  Hex/Necr       0%         N/A       99%         4
 Arcjolt                  Conj/Air       0%         1d10      100%        5
 Lightning Bolt           Conj/Air       0%         1d11      100%        5


Dungeon Overview and Level Annotations

Branches:
Dungeon (9/15)             Temple (1/1) D:4
   Lair: D:8-11         Orc: D:9-12

Altars:
Ashenzari
Cheibriados
Elyvilon
Fedhas
Gozag
Hepliaklqana
Kikubaaqudgha
Makhleb
Nemelex Xobeh
Okawaru
Qazlal
Ru
Sif Muna
Trog
Uskayaw
Vehumet
Wu Jian
Xom
Yredelemnul
Zin

Shops:
D:2 (   D:4 *

Annotations:
D:8 1 runed translucent door, sirJeffrey23's ghost, journeyman MiHu


Innate Abilities, Weirdness & Mutations

((You are very nimble when in or above water. (Stealth+, EV+, Speed+++)))
Your lower body shifts to a powerful aquatic tail in water.


Message History

You see here a +0 glaive.
There is a stone staircase leading down here.
Magic restored.
There is a stone staircase leading down here.
Okay, then.
You climb downwards.
Found a long sword and 2 stones.
Found a stone staircase leading down.
There is a stone staircase leading up here.
Throw: 4 boomerangs
Press: ? - help, Q - select action, (/) - cycle Shift-Dir - straight line, f - two-headed ogre
Aim: a two-headed ogre, wielding two +0 giant clubs (asleep, 98% to hit)
You throw a boomerang.
The boomerang hits the two-headed ogre but does no damage.
Throw: 4 boomerangs
Press: ? - help, Q - select action, (/) - cycle Shift-Dir - straight line, f/p - two-headed ogre
Aim: a two-headed ogre, wielding two +0 giant clubs (77% to hit)
You throw a boomerang. The boomerang hits the two-headed ogre.
The two-headed ogre is lightly wounded.
Cleave: a) +8 mithril axe "Arga" {speed, Will+}
Press: ? - help, Dir - move target, f - you, p - two-headed ogre That would be overly suicidal.
Okay, then.
Unknown command.
Your +6 spear of chaos is briefly surrounded by a scintillating aura of random colours.
b - a +6 spear of chaos (weapon)
The two-headed ogre misses you. You block the two-headed ogre's attack.
You puncture the two-headed ogre!
The two-headed ogre goes berserk!
The two-headed ogre is lightly wounded.
You hit the two-headed ogre. You burn the two-headed ogre.
The two-headed ogre is lightly wounded.
You block the two-headed ogre's attack. The two-headed ogre barely misses you.
Unknown command.
You block the two-headed ogre's attack.
The two-headed ogre hits you with a +0 giant club.
The two-headed ogre attacks as you move away!
The two-headed ogre hits you with a +0 giant club!!!
Ouch! That really hurt!
* * * LOW HITPOINT WARNING * * *
The two-headed ogre hits you with a +0 giant club!!!
You die...

. .# .#
.###.##.#
.).....#
#......###
#........+
##......#
##.<...#.#
#...O....#
##..@..#.#
##...## #
#.(## #>..
##.# #..
###


You could see a two-headed ogre (berserk).

Vanquished Creatures
  A two-headed ogre (D:8)
  A skeletal warrior (D:8)
  A gargoyle (D:5)
  Maggie (D:7)
  Prince Ribbit (D:7)
  A jumping spider (shapeshifter) (D:8)
  2 wyverns
  Eustachio (D:5)
  3 yaks
  4 steam dragons (D:8)
  3 water moccasins
  2 ice beasts
  2 orc warriors (D:8)
  5 sky beasts
  3 black bears
  3 ogres
  3 centaurs
  2 phantoms
  A kobold brigand (D:6)
  A gnoll sergeant (D:8)
  3 bullfrogs
  4 scorpions
  2 necrophages
  13 wights
  A killer bee (D:8)
  2 orc priests (D:8)
  4 hounds
  2 jellies
  3 iguanas
  15 orc wizards
  Robin (D:2)
  2 adders
  2 gnolls
  2 shadow imps (D:5)
  4 white imps
  A worm (D:5)
  4 dart slugs
  28 orcs
  8 ball pythons
  2 bats
  7 endoplasms
  3 giant cockroaches
  13 goblins
  13 hobgoblins
  6 kobolds
  3 quokkas
  5 frilled lizards
  A rat (D:3)
195 creatures vanquished.

Vanquished Creatures (collateral kills)
  Joseph (D:8)
1 creature vanquished.

Vanquished Creatures (others)
  2 fungi (D:4)
  6 plants (D:8)
8 creatures vanquished.

Grand Total: 204 creatures vanquished

Notes
Turn   | Place    | Note
-------+----------+-------------------------------------------
     0 | D:1      | NinjaNoafa the Merfolk Monk began the quest for the Orb.
     0 | D:1      | Reached XP level 1. HP: 18/18 MP: 1/1
   129 | D:1      | Reached XP level 2. HP: 24/24 MP: 2/2
   282 | D:1      | Reached skill level 5 in Polearms
   634 | D:2      | Reached XP level 3. HP: 29/29 MP: 3/3
   811 | D:2      | Found Jumyaff's Antique Weapon Shoppe.
   938 | D:2      | Noticed Robin
  1036 | D:2      | Killed Robin
  1037 | D:2      | Reached skill level 6 in Polearms
  1058 | D:2      | Reached XP level 4. HP: 25/35 MP: 4/4
  1160 | D:2      | Found a faded altar of an unknown god.
  1307 | D:3      | Found a sacrificial altar of Ru.
  1435 | D:3      | Found a white marble altar of Elyvilon.
  1493 | D:3      | Found an ancient bone altar of Kikubaaqudgha.
  1531 | D:3      | Found an iron altar of Okawaru.
  1579 | D:3      | Found a faded altar of an unknown god.
  1588 | D:3      | Found a glowing silver altar of Zin.
  1659 | D:3      | Found a radiant altar of Vehumet.
  1713 | D:3      | Reached XP level 5. HP: 26/41 MP: 5/5
  2508 | D:4      | Found a blossoming altar of Fedhas.
  2569 | D:4      | Found a staircase to the Ecumenical Temple.
  2589 | Temple   | Entered the Ecumenical Temple
  2931 | D:4      | Reached skill level 7 in Polearms
  3352 | D:4      | Found a bloodstained altar of Trog.
  3352 | D:4      | Noticed a black bear
  3352 | D:4      | Noticed a black bear
  3425 | D:4      | Killed a black bear
  3426 | D:4      | Reached skill level 5 in Dodging
  3426 | D:4      | Reached XP level 6. HP: 37/48 MP: 6/6
  3685 | D:4      | Killed a black bear
  3750 | D:4      | Found Zoud's General Store.
  3754 | D:4      | Found Loihucw's Specific Store.
  3770 | D:4      | Bought a scroll of identify for 22 gold pieces
  3770 | D:4      | Bought a scroll of identify for 22 gold pieces
  3772 | D:4      | Bought a scroll of immolation for 44 gold pieces
  3780 | D:4      | Bought a potion of attraction for 33 gold pieces
  3867 | D:5      | Entered Level 5 of the Dungeon
  3922 | D:5      | Noticed a water moccasin
  4034 | D:5      | Noticed Eustachio
  4067 | D:5      | Killed Eustachio
  4068 | D:5      | Reached skill level 5 in Fighting
  4068 | D:5      | Reached XP level 7. HP: 51/56 MP: 7/7
  4085 | D:5      | Noticed a yak
  4316 | D:5      | Reached skill level 8 in Polearms
  4323 | D:5      | Reached skill level 9 in Polearms
  4323 | D:5      | Reached XP level 8. HP: 25/64 MP: 8/8
  4446 | D:5      | Noticed a gargoyle
  4459 | D:5      | Killed a gargoyle
  4460 | D:5      | Reached skill level 10 in Polearms
  4492 | D:5      | Reached skill level 11 in Polearms
  4521 | D:6      | Found a burning altar of Makhleb.
  4690 | D:6      | Reached skill level 12 in Polearms
  4712 | D:6      | Found the +8 mithril axe "Arga" {speed, Will+}
  4734 | D:6      | Reached skill level 1 in Armour
  4761 | D:6      | Reached XP level 9. HP: 69/69 MP: 9/9
  4771 | D:6      | Reached skill level 1 in Axes
  4906 | D:4      | Bought 2 potions of heal wounds for 120 gold pieces
  4997 | Temple   | Became a worshipper of Uskayaw the Reveller
  4997 | Temple   | Reached * piety under Uskayaw
  5182 | D:5      | Reached ** piety under Uskayaw
  5183 | D:5      | Reached skill level 1 in Invocations
  5393 | D:6      | Reached *** piety under Uskayaw
  5643 | D:7      | Found a hazy altar of Hepliaklqana.
  5757 | D:7      | Reached **** piety under Uskayaw
  5808 | D:7      | Noticed Maggie
  5825 | D:7      | Killed Maggie
  5826 | D:7      | Reached skill level 5 in Invocations
  5888 | D:7      | Found a stormy altar of Qazlal.
  5902 | D:7      | Reached XP level 10. HP: 76/76 MP: 14/14
  5905 | D:7      | Noticed Prince Ribbit
  5921 | D:7      | Killed Prince Ribbit
  6000 | D:7      | Reached ***** piety under Uskayaw
  6329 | D:8      | Reached skill level 5 in Axes
  6383 | D:8      | Noticed a two-headed ogre
  6386 | D:8      | Noticed Joseph
  6427 | D:8      | Killed Joseph
  6459 | D:8      | Killed a two-headed ogre
  6626 | D:8      | Found a runed translucent door.
  6632 | D:8      | Noticed sirJeffrey23's ghost (journeyman MiHu)
  6633 | D:8      | Identified the +1 trident "Dragonbane" {flame, rF+ Will-
                  | Int+2}
  6710 | D:8      | Noticed a skeletal warrior
  6870 | D:8      | Noticed a two-headed ogre
  7386 | D:8      | Reached skill level 1 in Shields
  7386 | D:8      | Reached XP level 11. HP: 71/83 MP: 15/15
  7526 | D:8      | a two-headed ogre changed into a shapeshifter
  7797 | D:8      | Killed a skeletal warrior
  7798 | D:8      | Reached skill level 1 in Spellcasting
  7798 | D:8      | Reached skill level 1 in Summonings
  7830 | D:9      | Noticed a two-headed ogre
  7839 | D:9      | Slain by a two-headed ogre

Illustrated notes

Levels and vault maps discovered:
D:1:      dpeg_arrival_shrine, layout_loops_ring
D:2:      layout_basic, hellmonk_ecumenical_altar_leap_of_faith, serial_shops,
          nicolae_shop_advertising_works [nicolae_subvault_shop_adworks],
          kennysheep_generic_room_13, uniq_robin
D:3:      layout_basic, nicolae_overflow_ecumenical_swirl, lemuel_tele_altar,
          mainiacjoe_overflow_six_doors_small, okawaru_metal_pillars_3,
          nicolae_ru_awakened_eye, mainiacjoe_overflow_alcove_1,
          minmay_door_square, uniq_crazy_yiuf_cottage
D:4:      layout_gridville, fedhas_altar_3, trog_ov_bears_minmay,
          temple_statues, nicolae_specific_store, kennysheep_small_square
D:5:      cheibrodos_fzero, layout_basic, uniq_eustachio
D:6:      minmay_flawed_box, layout_basic, nicolae_tso_swordbearing_angel,
          bloody_makhleb
D:7:      layout_basic, lemuel_doored_altar, nicolae_hepliaklqana_hippocampus,
          kennysheep_small_circle, uniq_prince_ribbit1, uniq_maggie
D:8:      minmay_razor_zed, layout_basic, ebering_ghost_funeral_grove,
          minivault_19, st_stairs_1, minivault_5, minmay_manual_mess,
          uniq_joseph
D:9:      layout_loops_corners, grunt_dithmenos_shadows
Temple:   grunt_temple_mini_profane

Skill      XL: |  1  2  3  4  5  6  7  8  9 10 11 |
---------------+----------------------------------+-----
Polearms       | 5 6 7 9 12 | 12.0
Stealth        | 3 4 |  4.0
Fighting       | 4 5 6 |  6.4
Dodging        | 5 6 |  6.6
Armour         | 1 4 |  4.0
Axes           | 2 7 |  7.1
Invocations    | 6 |  6.4
Shields        | 1 4 |  4.0
Spellcasting   | 1 |  1.3
Summonings     | 1 |  1.4

Action                     |  1- 3 |  4- 6 |  7- 9 | 10-12 || total
---------------------------+-------+-------+-------+-------++-------
  Melee: Spear             |   141 |   300 |   120 |    18 ||   579
         Punch             |     1 |     7 |     3 |     4 ||    15
         Broad axe         |       |       |    93 |   188 ||   281
  Throw: Dart              |       |     7 |       |       ||     7
         Throwing net      |       |       |     1 |       ||     1
         Boomerang         |       |       |     2 |     6 ||     8
 Invoke: Line Pass         |       |       |     1 |     3 ||     4
         Stomp             |       |       |     1 |     1 ||     2
  Evoke: Wand              |       |       |     1 |     6 ||     7
    Use: Potion            |     1 |     2 |     3 |     1 ||     7
         Scroll            |       |     7 |     7 |     3 ||    17
   Stab: Sleeping          |     9 |    12 |       |     2 ||    23
         Distracted        |       |     2 |       |       ||     2
         Held in net/web   |       |       |     1 |       ||     1
         Paralysed         |       |       |     7 |    16 ||    23
         Confused          |       |       |     1 |       ||     1
 Armour: Robe              |    32 |    47 |       |       ||    79
         Leather armour    |       |     3 |    35 |       ||    38
         Acid dragon scale |       |       |     2 |    50 ||    52
  Dodge: Dodged            |    92 |   178 |   119 |    99 ||   488
  Block: Buckler           |       |       |       |    10 ||    10

Table legend: (Time is in decaauts)
 A = Elapsed time spent in this place.
 B = Non-inter-level travel time spent in this place.
 C = Inter-level travel time spent in this place.
 D = Time resting spent in this place.
 E = Time spent auto-exploring this place.
 F = Levels seen in this place.
 G = Mean time per level.
                   A        B        C        D        E       F      G
               +--------+--------+--------+--------+--------+-----+--------+
         Total |   7609 |   5703 |   1906 |      0 |   1137 |  10 |  760.9 |
       Dungeon |   7304 |   5501 |   1803 |      0 |    972 |   9 |  811.6 |
        Temple |    304 |    201 |    103 |      0 |    165 |   1 |  304.0 |
               +--------+--------+--------+--------+--------+-----+--------+

Top non-repeatable levels by time:
     D:8: 1451 daAuts
     D:4: 1432 daAuts
     D:3: 1147 daAuts
     D:5: 860 daAuts
     D:2: 715 daAuts
     D:7: 679 daAuts
     D:1: 566 daAuts
     D:6: 423 daAuts
  Temple: 304 daAuts
     D:9: 27 daAuts
